 Dungeon Crawl Stone Soup version 0.28-a0-312-gbced6e68ee (webtiles) character file.

Game seed: 16004362917930333320

1 crash2bomber the Skirmisher (level 1, 18/18 HPs)
             Began as a Demonspawn Abyssal Knight on Aug 30, 2021.
             Was an Initiate of Lugonu.
             Quit the game on level 1 of the Dungeon.
             The game lasted 00:02:45 (205 turns).

crash2bomber the Skirmisher (DsAK)                   Turns: 205, Time: 00:02:46

Health: 18/18      AC:  3    Str: 12    XL:     1   Next: 16%
Magic:  2/2        EV: 11    Int: 13    God:    Lugonu [......]
Gold:   0          SH:  0    Dex: 12    Spells: 0/0 levels left

rFire   . . .      SeeInvis .   a - +1 mace
rCold   . . .      Faith    .   (no shield)
rNeg    . . .      Spirit   .   b - +0 leather armour
rPois   .          Reflect  .   (no helmet)
rElec   .          Harm     .   (no cloak)
rCorr   .          Rampage  .   (no gloves)
Will    .....                   (no boots)
Stlth   +.........              (no amulet)
HPRegen 0.06/turn               (no ring)
MPRegen 0.08/turn               (no ring)

@: no status effects
A: no striking features
a: Renounce Religion


You were on level 1 of the Dungeon.
You worshipped Lugonu.
Lugonu was noncommittal.
You visited 1 branch of the dungeon, and saw 1 of its levels.
You visited the Abyss 1 time.

Inventory:

Hand Weapons
 a - a +1 mace (weapon)
Armour
 b - a +0 leather armour (worn)
Scrolls
 c - a scroll of magic mapping {unknown}


   Skills:
 + Level 3.0 Fighting
 + Level 1.7 Maces & Flails
 + Level 1.7 Armour
 + Level 0.8 Dodging
 + Level 2.6 Invocations


You couldn't memorise any spells.
You didn't know any spells.
Your spell library was empty.

Dungeon Overview and Level Annotations

Branches:
Dungeon (1/15)

Altars:

Shops:
D:1 (


Message History

Unknown command.
(D) Dungeon
Where to? (? - help)
Okay, then.
Things that are here:
a +2 helmet of intelligence; a +0 robe
(D) Dungeon
Where to? (? - help)
What level of the Dungeon? (default 1, ? - help)
Okay, then.
Unknown command.
Unknown command.
Found an escape hatch in the floor.
There is an escape hatch in the floor here.
Unknown command.
There is an escape hatch in the floor here.
(D) Dungeon
Where to? (? - help)
What level of the Dungeon? (default 1, ? - help)
Okay, then.
There is an escape hatch in the floor here.
Found Gasa's Weapon Shop.
There is an entrance to Gasa's Weapon Shop here.
(D) Dungeon
Where to? (? - help)
Okay, then.
Why would you want to do that? Why would you want to do that?
Why would you want to do that? Why would you want to do that?
There is an entrance to Gasa's Weapon Shop here.
Why would you want to do that? Why would you want to do that?
There is an entrance to Gasa's Weapon Shop here.
You are a level 1 Demonspawn Abyssal Knight.
You are 16% of the way to level 2.
Play time: 00:02:36 (203 turns).
Zot will find you in 5796 turns if you stay in this branch and explore no new floors.
Unknown command.
There is an entrance to Gasa's Weapon Shop here.
Are you sure you want to abandon this character and quit the game? (Confirm with "yes".)

. ............
...........##
............
...#.#.#...... ..
..#.........#### .#.# .
.......≈≈≈.... .... ...
.....≈≈≈≈≈# ....
#..#.#.#≈≈@≈≈##### .#.#
###..#.#..≈≈.≈≈....#
..........#.≈.≈.##### .
.......................
#.#
#.#.#..#.#.#....#######.#
#.# ...#...........# #.#
#.# .......#.#....# #.#
#.# ###.###..#.#.#....#
#.# #.#
...........>......# #.#
#.#


There were no monsters in sight!

Vanquished Creatures
  A hobgoblin (D:1)
1 creature vanquished.

Notes
Turn   | Place    | Note
-------+----------+-------------------------------------------
     0 | Abyss:1  | crash2bomber the Demonspawn Abyssal Knight began the quest
                  | for the Orb.
     0 | Abyss:1  | Reached XP level 1. HP: 18/18 MP: 2/2
     0 | D:1      | Escaped the Abyss
   183 | D:1      | Found Gasa's Weapon Shop.
   205 | D:1      | Quit the game

Illustrated notes

Levels and vault maps discovered:
D:1:      matt_arrival_refuge, layout_basic, ebering_ecumenical_altar_box,
          serial_shops, nicolae_shop_waterfront, minmay_misc_feat_plants

Action                   || total
-------------------------++-------
Melee: Mace              ||     3
Invok: Depart the Abyss  ||     1
Armor: Leather armour    ||     1
Dodge: Dodged            ||     3

Table legend: (Time is in decaauts)
 A = Elapsed time spent in this place.
 B = Non-inter-level travel time spent in this place.
 C = Inter-level travel time spent in this place.
 D = Time resting spent in this place.
 E = Time spent auto-exploring this place.
 F = Levels seen in this place.
 G = Mean time per level.
                   A        B        C        D        E       F      G
               +--------+--------+--------+--------+--------+-----+--------+
         Total |    205 |    205 |      0 |      0 |      0 |   2 |  102.5 |
       Dungeon |    205 |    205 |      0 |      0 |      0 |   1 |  205.0 |
         Abyss |      0 |      0 |      0 |      0 |      0 |   1 |    0.0 |
               +--------+--------+--------+--------+--------+-----+--------+

Top non-repeatable levels by time:
     D:1: 205 daAuts
